MWL (24 & UNDER)
EVANSTON ELITISTS @ MINNESOTA DEATH STARS
08/23/2029
 
TOP OF THE 1ST
Evanston Elitists batting - Pitching for Minnesota Death Stars : RHP José Arévalo
Pitching: RHP José Arévalo
Batting: LHB George Flanagan 0-0: Ball
1-0: DOUBLE (Flyball, 7LD)
Batting: RHB Jorge Calderón 0-0: Called Strike
0-1: Swinging Strike
0-2: Strikes out looking
Batting: LHB Jean-Sébastien Beaudin 0-0: Foul Ball, location: 2F
0-1: Ground out 4-3 (Groundball, 4)
George Flanagan to third
Batting: LHB Arthur Guzmán 0-0: Ball
1-0: Called Strike
1-1: Swinging Strike
1-2: Fly out, F7 (Flyball, 7S)
Top of the 1st over - 0 runs, 1 hit, 0 errors, 1 left on base; Evanston 0 - Minnesota 0
BOTTOM OF THE 1ST
Minnesota Death Stars batting - Pitching for Evanston Elitists : LHP Ben Johnston
Pitching: LHP Ben Johnston
Batting: LHB Júlio Córdova 0-0: Ball
1-0: SINGLE (Line Drive, 89M)
Batting: RHB Sidney Smith 0-0: Ball
1-0: Fielders Choice at 2nd, 1-6 (Groundball, P)
Batting: LHB Gonzalo Gálvez 0-0: Ball
1-0: Ball
2-0: Foul Ball, location: 2F
2-1: Fielders Choice at 2nd, 6-4 (Groundball, 6M)
Batting: RHB Manuel Cintrón 0-0: Ball
1-0: Called Strike
1-1: Ball
2-1: Fly out, F9 (Line Drive, 9)
Bottom of the 1st over - 0 runs, 1 hit, 0 errors, 1 left on base; Evanston 0 - Minnesota 0
TOP OF THE 2ND
Evanston Elitists batting - Pitching for Minnesota Death Stars : RHP José Arévalo
Batting: RHB Troy Johnson 0-0: Called Strike
0-1: Ball
1-1: Ball
2-1: Called Strike
2-2: Ball
3-2: Foul Ball, location: 2F
3-2: Fly out, F7 (Line Drive, 78D)
Batting: SHB Jacob Wilcox 0-0: Called Strike
0-1: Called Strike
0-2: Ball
1-2: Strikes out swinging
Batting: LHB Javier Mejía 0-0: Called Strike
0-1: Called Strike
0-2: Ball
1-2: Ball
2-2: Strikes out looking
Top of the 2nd over - 0 runs, 0 hits, 0 errors, 0 left on base; Evanston 0 - Minnesota 0
BOTTOM OF THE 2ND
Minnesota Death Stars batting - Pitching for Evanston Elitists : LHP Ben Johnston
Batting: LHB Larry Wright 0-0: Called Strike
0-1: Ball
1-1: Foul Ball, location: 2F
1-2: Strikes out swinging
Batting: RHB Donny Boykins 0-0: Ball
1-0: Ball
2-0: Foul Ball, location: 2F
2-1: Foul Ball, location: 2F
2-2: Foul Ball, location: 2F
2-2: Ball
3-2: Base on Balls
Batting: LHB Jamie Walker 0-0: Fielders Choice at 2nd, 4-6 (Groundball, 4D)
Batting: RHB Pat McDonald 0-0: Ball
1-0: Fly out, F8 (Flyball, 8LS)
Bottom of the 2nd over - 0 runs, 0 hits, 0 errors, 1 left on base; Evanston 0 - Minnesota 0
TOP OF THE 3RD
Evanston Elitists batting - Pitching for Minnesota Death Stars : RHP José Arévalo
Batting: RHB António Martínez 0-0: Hit by Pitch
Batting: SHB Claas van der Kuijl 0-0: Called Strike
0-1: Ball
1-1: Foul Ball, location: 2F
1-2: Fielders Choice at 2nd, 4-6 (Groundball, 4)
Batting: LHB George Flanagan 0-0: Ball
1-0: Ball
2-0: Called Strike
2-1: Ball
3-1: Ground out 3-1 (Groundball, 34S)
Claas van der Kuijl to second
Batting: RHB Jorge Calderón 0-0: Ball
1-0: Foul Ball, location: 2F
1-1: Ball
2-1: Foul Ball, location: 2F
2-2: Foul Ball, location: 2F
2-2: Ball
3-2: SINGLE (Line Drive, 5L)
Claas van der Kuijl to third
Claas van der Kuijl scores
Batting: LHB Jean-Sébastien Beaudin 0-0: Ball
Pickoff Throw by Catcher to First - Error! E2
Jorge Calderón to second
1-0: Foul Ball, location: 2F
1-1: Fly out, F9 (Flyball, 89S)
Top of the 3rd over - 1 run, 1 hit, 1 error, 1 left on base; Evanston 1 - Minnesota 0
BOTTOM OF THE 3RD
Minnesota Death Stars batting - Pitching for Evanston Elitists : LHP Ben Johnston
Batting: RHB Chris Osborn 0-0: Ball
1-0: Ball
2-0: Fly out, F7 (Line Drive, 7)
Batting: LHB Júlio Córdova 0-0: Called Strike
0-1: Foul Ball, location: 2F
0-2: Foul Ball, location: 2F
0-2: Foul Ball, location: 2F
0-2: Ball
1-2: Ball
2-2: Strikes out looking
Batting: RHB Sidney Smith 0-0: Called Strike
0-1: Called Strike
0-2: SINGLE (Groundball, 4MS) (infield hit)
Batting: LHB Gonzalo Gálvez 0-0: Ball
1-0: Called Strike
1-1: Swinging Strike
1-2: Strikes out swinging
Bottom of the 3rd over - 0 runs, 1 hit, 0 errors, 1 left on base; Evanston 1 - Minnesota 0
TOP OF THE 4TH
Evanston Elitists batting - Pitching for Minnesota Death Stars : RHP José Arévalo
Batting: LHB Arthur Guzmán 0-0: Ball
1-0: Called Strike
1-1: Called Strike
1-2: Ball
2-2: Strikes out swinging passed ball, reaches first!
Batting: RHB Troy Johnson 0-0: Ball
1-0: 2-RUN HOME RUN (Flyball, 7LD), Distance : 349 ft
Batting: SHB Jacob Wilcox 0-0: Foul Ball, location: 2F
0-1: Foul Ball, location: 2F
0-2: Strikes out looking
Batting: LHB Javier Mejía 0-0: Swinging Strike
0-1: Ground out 4-3 (Groundball, 4D)
Batting: RHB António Martínez 0-0: Ball
1-0: Fly out, F5 (Line Drive, 5)
Top of the 4th over - 2 runs, 1 hit, 0 errors, 0 left on base; Evanston 3 - Minnesota 0
BOTTOM OF THE 4TH
Minnesota Death Stars batting - Pitching for Evanston Elitists : LHP Ben Johnston
Batting: RHB Manuel Cintrón 0-0: Called Strike
0-1: Ground out 1-3 (Groundball, 13S)
Batting: LHB Larry Wright 0-0: Called Strike
0-1: Foul Ball, location: 2F
0-2: Ball
1-2: Ball
2-2: SINGLE (Groundball, 4D)
Batting: RHB Donny Boykins 0-0: Ball
1-0: Foul Ball, location: 2F
1-1: Foul Ball, location: 2F
1-2: Foul Ball, location: 2F
1-2: Fly out, F8 (Flyball, 89D)
Batting: LHB Jamie Walker 0-0: Ball
1-0: Fielders Choice at 2nd, 6-4 (Groundball, 6)
Bottom of the 4th over - 0 runs, 1 hit, 0 errors, 1 left on base; Evanston 3 - Minnesota 0
TOP OF THE 5TH
Evanston Elitists batting - Pitching for Minnesota Death Stars : RHP José Arévalo
Batting: SHB Claas van der Kuijl 0-0: Called Strike
0-1: Foul Ball, location: 2F
0-2: Ball
1-2: Strikes out swinging
Batting: LHB George Flanagan 0-0: Called Strike
0-1: Called Strike
0-2: Ball
1-2: Ball
2-2: Strikes out swinging
Batting: RHB Jorge Calderón 0-0: Swinging Strike
0-1: Called Strike
0-2: Ball
1-2: Ball
2-2: Ball
3-2: Base on Balls
Batting: LHB Jean-Sébastien Beaudin 0-0: Ball
1-0: Ball
2-0: Called Strike
2-1: Called Strike
2-2: Fielders Choice at 2nd, 5-4 (Groundball, 56)
Top of the 5th over - 0 runs, 0 hits, 0 errors, 1 left on base; Evanston 3 - Minnesota 0
BOTTOM OF THE 5TH
Minnesota Death Stars batting - Pitching for Evanston Elitists : LHP Ben Johnston
Batting: RHB Pat McDonald 0-0: Ball
1-0: Fly out, F9 (Flyball, 9)
Batting: RHB Chris Osborn 0-0: Fly out, F9 (Flyball, 9)
Batting: LHB Júlio Córdova 0-0: Foul Ball, location: 2F
0-1: Reached on error, E4 (Groundball, 4)
Batting: RHB Sidney Smith 0-0: Called Strike
0-1: Ball
1-1: Fly out, F3 (Popup, 3)
Bottom of the 5th over - 0 runs, 0 hits, 1 error, 1 left on base; Evanston 3 - Minnesota 0
TOP OF THE 6TH
Evanston Elitists batting - Pitching for Minnesota Death Stars : RHP José Arévalo
Batting: LHB Arthur Guzmán 0-0: SINGLE (Groundball, 56D)
Batting: RHB Troy Johnson 0-0: Called Strike
0-1: Ball
1-1: Fly out, F7 (Flyball, 78D)
Batting: SHB Jacob Wilcox 0-0: Ball
1-0: Called Strike
1-1: Ball
2-1: Foul Ball, location: 2F
2-2: Strikes out swinging
Batting: LHB Javier Mejía 0-0: Called Strike
0-1: Called Strike
0-2: Ball
1-2: Foul Ball, location: 2F
1-2: Foul Ball, location: 2F
1-2: SINGLE (Line Drive, 4M)
Arthur Guzmán to second
Batting: RHB António Martínez 0-0: Ball
1-0: Ball
2-0: SINGLE (Line Drive, 78S)
Arthur Guzmán to third
Javier Mejía to second
Runner from 3rd tries for Home, SAFE, no throw
Batting: SHB Claas van der Kuijl 0-0: Called Strike
0-1: Ball
1-1: Swinging Strike
1-2: Strikes out swinging
Top of the 6th over - 1 run, 3 hits, 0 errors, 2 left on base; Evanston 4 - Minnesota 0
BOTTOM OF THE 6TH
Minnesota Death Stars batting - Pitching for Evanston Elitists : LHP Ben Johnston
Batting: LHB Gonzalo Gálvez 0-0: Called Strike
0-1: Foul Ball, location: 2F
0-2: Ball
1-2: Ball
2-2: Foul Ball, location: 2F
2-2: Ball
3-2: Strikes out looking
Batting: RHB Manuel Cintrón 0-0: Ball
1-0: Foul Ball, location: 2F
1-1: Ground out 6-3 (Groundball, 6)
Batting: LHB Larry Wright 0-0: Ball
1-0: Foul Ball, location: 2F
1-1: Ball
2-1: Foul Ball, location: 2F
2-2: Ball
3-2: Foul Ball, location: 2F
3-2: Foul Ball, location: 2F
3-2: Fly out, F9 (Flyball, 9D)
Bottom of the 6th over - 0 runs, 0 hits, 0 errors, 0 left on base; Evanston 4 - Minnesota 0
TOP OF THE 7TH
Evanston Elitists batting - Pitching for Minnesota Death Stars : RHP José Arévalo
Pitching: RHP Cipriano Vega
Batting: LHB George Flanagan 0-0: Foul Ball, location: 2F
0-1: SINGLE (Line Drive, 34D)
Batting: RHB Jorge Calderón 0-0: Swinging Strike
0-1: Called Strike
0-2: Foul Ball, location: 2F
0-2: Foul Ball, location: 2F
0-2: Strikes out looking
Batting: LHB Jean-Sébastien Beaudin 0-0: Called Strike
0-1: Ball
1-1: Foul Ball, location: 2F
1-2: Ball
2-2: Ball
3-2: Base on Balls
George Flanagan to second
Batting: LHB Arthur Guzmán 0-0: Ball
1-0: Ball
2-0: Foul Ball, location: 2F
2-1: Ball
3-1: Foul Ball, location: 2F
3-2: Base on Balls
George Flanagan to third
Jean-Sébastien Beaudin to second
Batting: RHB Troy Johnson 0-0: Ball
Wild Pitch!
George Flanagan scores
Jean-Sébastien Beaudin to third
Arthur Guzmán to second
1-0: Called Strike
1-1: Ball
2-1: Ball
3-1: SINGLE (Line Drive, 78S)
Jean-Sébastien Beaudin scores
Arthur Guzmán to third
Batting: SHB Jacob Wilcox 0-0: Ball
1-0: Called Strike
1-1: Foul Ball, location: 2F
1-2: Strikes out swinging
Batting: LHB Javier Mejía 0-0: Ball
1-0: Ball
2-0: Swinging Strike
2-1: Swinging Strike
2-2: Strikes out swinging
Top of the 7th over - 2 runs, 2 hits, 0 errors, 2 left on base; Evanston 6 - Minnesota 0
BOTTOM OF THE 7TH
Minnesota Death Stars batting - Pitching for Evanston Elitists : LHP Ben Johnston
Now at SS: Henry Morris
Batting: RHB Donny Boykins 0-0: Called Strike
0-1: Swinging Strike
0-2: Foul Ball, location: 2F
0-2: Strikes out swinging
Batting: LHB Jamie Walker 0-0: Called Strike
0-1: Foul Ball, location: 2F
0-2: Strikes out looking
Batting: RHB Pat McDonald 0-0: Foul Ball, location: 2F
0-1: Ball
1-1: Foul Ball, location: 2F
1-2: Ball
2-2: Strikes out swinging
Bottom of the 7th over - 0 runs, 0 hits, 0 errors, 0 left on base; Evanston 6 - Minnesota 0
TOP OF THE 8TH
Evanston Elitists batting - Pitching for Minnesota Death Stars : RHP Cipriano Vega
Batting: RHB António Martínez 0-0: Ball
1-0: Called Strike
1-1: Ball
2-1: Ball
3-1: Base on Balls
Batting: SHB Claas van der Kuijl 0-0: Ball
1-0: Foul Ball, location: 2F
1-1: Foul Ball, location: 2F
1-2: Ball
2-2: Strikes out swinging
Batting: LHB George Flanagan 0-0: Called Strike
0-1: Ball
1-1: Called Strike
1-2: Foul Ball, location: 2F
1-2: Ball
2-2: Foul Ball, location: 2F
2-2: Ball
3-2: Base on Balls
António Martínez to second
Batting: RHB Jorge Calderón 0-0: Ball
1-0: Foul Ball, location: 2F
1-1: Ball
2-1: Fly out, F9 (Line Drive, 9)
Batting: LHB Jean-Sébastien Beaudin 0-0: Ball
1-0: Ball
2-0: Swinging Strike
2-1: Called Strike
2-2: Strikes out swinging
Top of the 8th over - 0 runs, 0 hits, 0 errors, 2 left on base; Evanston 6 - Minnesota 0
BOTTOM OF THE 8TH
Minnesota Death Stars batting - Pitching for Evanston Elitists : LHP Ben Johnston
Batting: RHB Chris Osborn 0-0: Fly out, F9 (Flyball, 9D)
Batting: LHB Júlio Córdova 0-0: Ball
1-0: Ball
2-0: Ball
3-0: Called Strike
3-1: Ground out 6-3 (Groundball, 6MS)
Batting: RHB Sidney Smith 0-0: Ball
1-0: Called Strike
1-1: Foul Ball, location: 2F
1-2: Ball
2-2: Foul Ball, location: 2F
2-2: Strikes out swinging, 2-3 out at first.
Bottom of the 8th over - 0 runs, 0 hits, 0 errors, 0 left on base; Evanston 6 - Minnesota 0
TOP OF THE 9TH
Evanston Elitists batting - Pitching for Minnesota Death Stars : RHP Cipriano Vega
Pitching: RHP Carlos Hernández
Batting: LHB Arthur Guzmán 0-0: Ball
1-0: Foul Ball, location: 2F
1-1: Ball
2-1: Reached on error, E3 (Groundball, 34S)
Batting: RHB Henry Morris 0-0: Called Strike
0-1: Called Strike
Arthur Guzmán is caught stealing 2nd base
0-2: Ball
1-2: Strikes out looking
Batting: SHB Jacob Wilcox 0-0: Called Strike
0-1: Foul Ball, location: 2F
0-2: Foul Ball, location: 2F
0-2: Ground out U3 (Groundball, 3)
Top of the 9th over - 0 runs, 0 hits, 1 error, 0 left on base; Evanston 6 - Minnesota 0
BOTTOM OF THE 9TH
Minnesota Death Stars batting - Pitching for Evanston Elitists : LHP Ben Johnston
Batting: LHB Gonzalo Gálvez 0-0: SINGLE (Groundball, 3) (infield hit)
Pitching: LHP Wilson Ramos
Pinch Runner at 1st Jorge Gamboa:
Batting: RHB Manuel Cintrón 0-0: Swinging Strike
0-1: Ball
1-1: Foul Ball, location: 2F
1-2: Foul Ball, location: 2F
1-2: Grounds into double play, 5-4-3 (Groundball, 56)
Batting: LHB Larry Wright 0-0: Called Strike
0-1: Swinging Strike
0-2: Foul Ball, location: 2F
0-2: Ball
1-2: Ball
2-2: Foul Ball, location: 2F
2-2: Fly out, F8 (Flyball, 8LM)
Bottom of the 9th over - 0 runs, 1 hit, 0 errors, 0 left on base; Evanston 6 - Minnesota 0
Saturday, December 16th, 2017 - OOTP Baseball 18.8 Build 76